← All builds
Tech / Armada / Economy first / OBSERVED BUILD

Standard tech

Armada Tech (Eco) build order · Supreme Isthmus

Rushes T2 by 4:15, gets Advanced Metal Extractor around 5:28, hands off T2 constructors to Geo and the team, then scales eco and supplies the team's T2 needs through the rest of the game.

Usually first T2 con to Geo (83%)

#eco #t2 #team support · 1574 distinct matches · 255 players · 58% of Armada Tech games · team won 53% of 1868 · Recently observed

HOW TO PLAY IT

Key timing: T2 factory by 4:15

  1. Open 3 mex and heavy wind to fund a fast T2 rush.
  2. Put down Bot Lab, planning to eat it for reclaim soon after.
  3. Get Advanced Bot Lab up, hitting the T2 factory rush timing.
  4. Upgrade mex to Advanced Metal Extractor to lock in team metal income.
  5. Eat Advanced Bot Lab and keep sending cons to Geo and Pond.

Phase by phase

TYPICAL OF ITS 1574 GAMES
  1. 1
  2. 2
  3. 3
  4. 4
PLAY THE OPENING

Follow the example game's first 6:00 step by step: what to build now, what comes next, and where it goes. At 1× it keeps pace with your own game.

  1. 1

    Up to the Bot Lab

    Economy
    • Metal Extractor3Mex
    • Wind Turbine4Wind
    Order
    1. Bot LabBot Lab after 3 mex, 4 winddone ~1:18, middle half 1:13–1:32

    Some games also: energy storage (31%)

    By 1:01 in all: 3 mex · 4 wind

    The example game in this phase · 3 steps
    1. Mex ×3
    2. Wind ×6
    3. Bot LabBot Labdone 1:21 · typical 1:18
  2. 2

    Bot Lab to Advanced Bot Lab

    Economy
    • Metal Extractor1Mex
    • Wind Turbine8Wind
    • Energy Storage1Energy storage
    Order
    1. Advanced Bot LabAdvanced Bot Lab after 4 mex, 12 wind, 3 con turretdone ~4:16, middle half 4:04–4:30
    Builders
    • Construction Turret3 Con turret
    • Lazarus3 Lazarus
    • Construction Bot2 Con bot
    • Construction Bot1 Con bot for allies

    Some games also: converter (36%)

    By 3:18 in all: 4 mex · 12 wind · 1 energy storage · 3 con turret

    The example game in this phase · 17 steps
    1. Wind
    2. Construction BotCon botfor Air
    3. LazarusLazarus
    4. Wind ×3
    5. LazarusLazarus
    6. Wind
    7. Mex
    8. Construction BotCon bot
    9. Wind
    10. Con turret ×2
    11. Wind ×4
    12. Con turret
    13. Wind ×2
    14. Energy storage
    15. Converter
    16. LazarusLazarus
    17. Advanced Bot LabAdvanced Bot Labdone 4:16 · typical 4:16
  3. 3

    Advanced Bot Lab to 5:00

    Economy
    • Wind Turbine3Wind
    Order
    1. Bot LabEat Bot Lab
    Builders
    • Advanced Construction Bot1 T2 con bot for allies

    Some games also: converter (35%)

    By 5:00 in all: 4 mex · 15 wind · 1 converter · 1 energy storage · 3 con turret

    The example game in this phase · 4 steps
    1. Converter ×4
    2. Bot LabEat Bot Labreclaimed for its metal
    3. Advanced Construction BotT2 con botfor Geo
    4. Advanced Metal ExtractorT2 mexdone 5:07 · typical 5:29
  4. 4

    5:00 to 10:00

    Economy
    • Wind Turbine43Wind
    • Energy Converter6Converter
    Builders
    • Butler9 Butler
    • Advanced Construction Bot4 T2 con bot for allies
    • Advanced Construction Bot1 T2 con bot

    Some games also: con turret (43%) · Butler for allies (37%)

    By 10:00 in all: 4 mex · 58 wind · 8 converter · 1 energy storage · 3 con turret

    The example game in this phase · 158 steps
    1. Advanced Construction BotT2 con botfor Air
    2. GunslingerGunslingerdone 5:59
    3. Advanced Metal ExtractorT2 mex ×2
    4. Advanced Construction BotT2 con botfor Geo sea
    5. ButlerButler ×2
    6. Advanced Metal ExtractorT2 mex
    7. ButlerButler ×3
    8. Advanced Construction BotT2 con bot
    9. Advanced Metal ExtractorT2 mex
    10. SprinterSprinter
    11. Wind
    12. SprinterSprinter
    13. Wind ×10
    14. Advanced Construction BotT2 con botfor Pond
    15. Wind ×6
    16. Con turret
    17. Wind
    18. ButlerButler
    19. Wind ×9
    20. Advanced Construction BotT2 con botfor Beach sea
    21. Wind ×11
    22. Advanced Construction BotT2 con bot
    23. Wind ×7
    24. ButlerButler
    25. Wind ×4
    26. ButlerButler
    27. Con turret
    28. Wind ×3
    29. ButlerButler
    30. Wind ×3
    31. ButlerButler
    32. Wind ×2
    33. ButlerButler
    34. Converter
    35. Wind ×2
    36. ButlerButler
    37. Wind ×4
    38. Converter
    39. Wind
    40. ButlerButler
    41. Metal storage
    42. Wind
    43. GhostGhost
    44. Converter
    45. GhostGhost
    46. Wind ×2
    47. Converter
    48. Con turret
    49. Wind
    50. Converter
    51. Wind ×2
    52. Converter
    53. Advanced Bot LabEat Advanced Bot Labreclaimed for its metal
    54. Wind
    55. Con turret
    56. Wind
    57. Converter
    58. Wind ×2
    59. Con turret
    60. Wind ×2
    61. Converter
    62. Wind ×3
    63. Con turret
    64. Fusion ReactorFusiondone 12:54
    65. Wind ×4
    66. Converter
    67. Wind ×7
    68. Converter
    69. NettleNettle
    70. Wind ×2
    71. NettleNettle
    72. Wind
    73. FerretFerret
    74. Wind ×3
    75. NettleNettle
    76. Wind
    77. Converter
    78. Wind ×3
    79. FerretFerret
    80. Wind ×2
    81. NettleNettle
    82. Wind ×4
    83. Converter
    84. Wind ×9
    85. Converter
    86. Wind ×6
    87. Aircraft PlantAircraft Plantdone 12:44
    88. Wind ×2
    89. Converter
    90. Wind ×2
    91. Advanced Geothermal PowerplantAdvanced Geothermal Powerplantfor Geodone 13:13
    92. Wind ×4
    93. Converter ×2
    94. Wind ×9
    95. Converter
    96. Wind ×2
    97. StorkLight transport
    98. Wind ×3
    99. Converter
    100. Wind
    101. Converter
    102. Con turret
    103. Wind ×8
    104. Con turret
    105. StorkLight transport
    106. Converter
    107. Wind ×4
    108. Converter
    109. Wind ×2
    110. StorkLight transport
    111. Con turret
    112. Converter
    113. Wind ×5
    114. Con turret
    115. Wind ×3
    116. Converter
    117. StorkLight transport
    118. Wind ×3
    119. JunoJuno
    120. Wind
    121. Converter
    122. StorkLight transport
    123. Wind ×4
    124. Converter
    125. Wind ×4
    126. StorkLight transport
    127. Wind
    128. Converter
    129. Wind ×4
    130. Construction AircraftCon aircraft
    131. Wind ×2
    132. Converter
    133. Wind ×3
    134. Converter
    135. Wind
    136. Con turret
    137. Wind ×3
    138. Con turret
    139. Wind ×3
    140. Converter
    141. Wind
    142. Converter
    143. Wind ×5
    144. Converter
    145. Advanced Aircraft PlantAdvanced Aircraft Plantdone 14:41
    146. Wind ×2
    147. Aircraft PlantEat Aircraft Plantreclaimed for its metal
    148. Converter
    149. Wind
    150. Converter
    151. Wind
    152. Converter ×4
    153. Wind
    154. LicheLichenot finished by 15:00
    155. Converter
    156. Wind
    157. Converter
    158. Wind ×3

Counts are medians over the build's games: half of them build more, half fewer. The example game is YogaBoy158497's (40 OS, 13/10/2026); pick another.

Team trades

IN AT LEAST 30% OF ITS GAMES

You hand over

  • Construction Bot1 Con bot to Airfirst at 2:24 · in 84% of games
  • Advanced Construction Bot5 T2 con bot to Air or Geo sea or Pondfirst at 4:50 · in 99% of games
  • Butler2 Butler to Geo sea or Beach sea or Pondfirst at 9:07 · in 42% of games

You get

  • Hercules1 Light transport from Airfirst at 4:01 · in 86% of games

How it plays out

Typical game of this build, running totals by minute

Metal produced

020k40k
0:005:0010:0015:00

metal

Enemy metal destroyed

050100
0:005:0010:0015:00

metal

Own metal lost

050100150
0:005:0010:0015:00

metal

1868 games.

Show as table
ByMetal produced: This buildEnemy metal destroyed: This buildOwn metal lost: This build
1:0038300
2:0091500
3:00165100
4:00314300
5:00484800
6:00580000
7:00722700
8:00906100
9:001116900
10:001350200
11:001623900
12:001965200
13:002344100
14:0027357074
15:003153885130
WHAT THE NUMBERS SAY

Standard Tech play barely fights at all early, instead pouring metal into T2 infrastructure and constructors for the team.

  • + Metal produced hits 31679 by 15:00, by far the highest of any role here.
  • + T2 factory reached in 97% of games by 4:15, fastest and most reliable T2 timing.
  • − Enemy metal destroyed stays at 0 through 10:00, no early offense at all.
  • − Own metal lost also near 0, showing total avoidance of combat risk.
THE EXAMPLE YOU ARE READING

YogaBoy158497

40.2 OS · 13/10/2026

Open source match ↗

1 received units
1404 metal received · 64159 energy received

Allied construction assistance is unknown. Timings are observations, not a promise of solo reproducibility.

Typical milestones

Bot Lab1:18Middle 50%: 1:13–1:32 · n=1868
Advanced Bot Lab4:16Middle 50%: 4:04–4:30 · n=1861
Advanced Metal Extractor5:29Middle 50%: 5:06–5:59 · n=1864

Played most by

Amrissa93games of this buildTheGeneraI66games of this buildAdeus57games of this buildEl_Turco56games of this buildKOT_43games of this build